 Dungeon Crawl Stone Soup version 0.28-a0-697-g47f3eba078 (webtiles) character file.

Game seed: 17661413450913742339

5 helsbecter the Ruffian (level 1, 0/19 HPs)
             Began as a Ghoul Monk on Oct 23, 2021.
             Slain by a ball python (3 damage)
             ... on level 1 of the Dungeon.
             The game lasted 00:00:55 (236 turns).

helsbecter the Ruffian (Ghoul Monk)                  Turns: 236, Time: 00:00:55

Health: 0/19       AC:  2    Str: 14    XL:     1   Next: 80%
Magic:  0/0        EV: 12    Int:  5    God:
Gold:   0          SH:  0    Dex: 11    Spells: 0/0 levels left

rFire   . . .      SeeInvis .     - Unarmed
rCold   + . .      Faith    .   (no shield)
rNeg    + + +      Spirit   .   a - +0 robe
rPois   ∞          Reflect  .   (no helmet)
rElec   .          Harm     .   (no cloak)
rCorr   .          Rampage  .   (no gloves)
Will    .....                   (no boots)
Stlth   ++........              (no amulet)
HPRegen 0.00/turn               (no ring)
MPRegen 0.07/turn               (no ring)

@: inhibited regen
A: claws 1, cold resistance 1, negative energy resistance 3, inhibited
regeneration, torment resistance 2
a: no special abilities


You were on level 1 of the Dungeon.
You visited 1 branch of the dungeon, and saw 1 of its levels.

Inventory:

Armour
 a - a +0 robe (worn)


   Skills:
 - Level 3.2 Fighting
 - Level 2.6 Dodging
 - Level 2.1 Stealth
 + Level 3.7 Unarmed Combat


You couldn't memorise any spells.
You didn't know any spells.
Your spell library was empty.

Dungeon Overview and Level Annotations

Branches:
Dungeon (1/15)

Altars:


Innate Abilities, Weirdness & Mutations

You thrive by killing the living.
You are immune to poison.
You have sharp fingernails.
Your flesh is cold resistant. (rC+)
You are immune to negative energy. (rN+++)
You do not regenerate when monsters are visible.
You are immune to unholy pain and torment.


Message History

You closely miss the frilled lizard. The frilled lizard closely misses you.
You scratch the ball python.
The ball python is severely wounded.
The ball python bites you. The ball python grabs you.
The ball python constricts you.
You scratch the ball python but do no damage.
The ball python is severely wounded.
The ball python misses you. The ball python constricts you.
The ball python barely misses you. The ball python constricts you.
You claw the ball python!
You kill the ball python!
You scratch the frilled lizard.
You kill the frilled lizard!
You start resting.
HP restored.
Things that are here:
a frilled lizard corpse; a ball python corpse
Found a stone staircase leading down.
A rat and a goblin come into view.
The goblin shouts!
The goblin hits you with a +0 club. The rat misses you.
You completely miss the goblin. The goblin hits you with a +0 club.
The rat bites you.
You miss the goblin. The goblin hits you with a +0 club.
The rat bites you but does no damage. The rat bites you but does no damage.
The ball python hisses angrily.
You hear a shout!
A ball python comes into view.
You scratch the rat but do no damage. The rat misses you.
A bat comes into view.
You closely miss the goblin. The goblin hits you with a +0 club.
* * * LOW HITPOINT WARNING * * *
You barely miss the goblin. The goblin barely misses you.
You closely miss the goblin. The goblin barely misses you.
You scratch the goblin.
You kill the goblin!
You closely miss the ball python. The ball python closely misses you.
The ball python misses you.
You barely miss the ball python. The ball python bites you.
You die...

.........# #.#..# #########
.........# #.#.## #.......###
.........# #....# #...###.#.#
.........####....######.###...#
.....b...##........#.....#..#.#
.......>..S........†...........
#######.#.#.#r#....#..........#
#.#.#.#S##.#####.....#.##
#.#.#.#.@..........###...
#S#...####.......#.......
..##### ####.##.#..##### S.
............ ##....##.##
#.###...# #.....### ....#...#
#######.####


You could see a ball python and a rat.

Vanquished Creatures
  A ball python (D:1)
  A bat (D:1)
  A goblin (D:1)
  A frilled lizard (D:1)
  A rat (D:1)
5 creatures vanquished.

Notes
Turn   | Place    | Note
-------+----------+-------------------------------------------
     0 | D:1      | helsbecter the Ghoul Monk began the quest for the Orb.
     0 | D:1      | Reached XP level 1. HP: 19/19 MP: 0/0
   236 | D:1      | Slain by a ball python

Illustrated notes

Levels and vault maps discovered:
D:1:      dpeg_arrival_concentric_ovals, layout_basic,
          shapermc_ecumenical_altar_pompeii

Action                   || total
-------------------------++-------
Melee: Unarmed           ||    29
 Stab: Sleeping          ||     1
Armor: Robe              ||    11
Dodge: Dodged            ||    18

Table legend: (Time is in decaauts)
 A = Elapsed time spent in this place.
 B = Non-inter-level travel time spent in this place.
 C = Inter-level travel time spent in this place.
 D = Time resting spent in this place.
 E = Time spent auto-exploring this place.
 F = Levels seen in this place.
 G = Mean time per level.
                   A        B        C        D        E       F      G
               +--------+--------+--------+--------+--------+-----+--------+
         Total |    234 |    234 |      0 |     46 |    115 |   1 |  234.0 |
       Dungeon |    234 |    234 |      0 |     46 |    115 |   1 |  234.0 |
               +--------+--------+--------+--------+--------+-----+--------+

Top non-repeatable levels by time:
     D:1: 234 daAuts
